Map: Cyber Forest LE

Players

herO

  • Race: Protoss Protoss
  • Spawn Location: 11:00

soO - Winner!

  • Race: Zerg Zerg
  • Spawn Location: 5:00

Event: IEM Season 13: Katowice (2019)

VOD

Have the link to the VOD?

Description

Time

  • Played on: March 3, 2019, 4:08 a.m.
  • Length: 9:59

All games in this series

Show
View Real Time Build Order
Export as new Build Order

herO Protoss 

Build Orders: 1 Gate Expand, Archon Immortal 

Get SALT Encoding   

  12  0:00  Probe  
  13  0:12  Probe  
  14  0:17  Pylon  
  14  0:23  Probe  
  15  0:32  Probe  
  15  0:40  Gateway, Probe  
  16  0:48  Assimilator  
  17  0:51  Probe  
  18  1:03  Probe  
  19  1:15  Probe  
  20  1:27  Nexus  
  20  1:37  Cybernetics Core  
  20  1:40  Probe  
  21  1:47  Pylon  
  21  1:52  Probe  
  22  1:56  Assimilator  
  22  2:03  Adept  
  22  2:04  Probe  
  23  2:14  Warp Gate  
  25  2:16  Probe  
  26  2:24  Adept  
  26  2:28  Probe  
  29  2:39  Probe  
  29  2:40  Probe  
  29  2:42  Robotics Facility  
  31  2:51  Probe  
  31  2:52  Probe  
  31  2:53  Stalker  
  35  3:06  Probe x2  
  36  3:18  Probe x2  
  38  3:23  Immortal  
  38  3:24  Pylon  
  38  3:25  Sentry  
  38  3:26  Probe x2  
  46  3:36  Gateway  
  46  3:39  Probe x2  
  46  3:45  Pylon  
  48  3:51  Probe x2  
  50  3:59  Warp Prism  
  52  4:04  Sentry, Forge  
  52  4:05  Probe x2  
  56  4:15  Assimilator  
  56  4:17  Assimilator  
  56  4:18  Probe x2  
  58  4:29  Protoss Ground Weapons Level 1, Pylon  
  58  4:31  Probe x2, Observer  
  60  4:33  Pylon  
  61  4:40  Immortal  
  61  4:43  Probe  
  62  4:47  Probe  
  62  4:50  Stalker  
  69  4:59  Pylon  
  69  5:00  Twilight Council  
  69  5:01  Gateway  
  71  5:16  Immortal  
  71  5:18  Sentry  
  71  5:20  Gateway  
  71  5:21  Gateway  
  75  5:23  Sentry  
  77  5:28  Gateway  
  77  5:41  Gateway  
  77  5:42  Gateway  
  77  5:43  Templar Archives  
  77  5:48  Protoss Ground Weapons Level 2  
  77  5:54  Charge  
  77  5:55  Zealot x3  
  83  6:10  Pylon  
  83  6:12  Pylon  
  83  6:28  Immortal, Nexus  
  83  6:32  Pylon  
  87  6:42  High Templar x2  
  87  6:43  Zealot x2  
  95  6:49  Zealot  
  95  6:50  Zealot, Archon  
  95  6:53  Pylon  
  99  6:55  Zealot  
  99  6:57  Sentry  
  103  7:07  Immortal  
  107  7:11  Colossus  
  107  7:19  Sentry x2, Zealot x3  
  117  7:25  Pylon  
  117  7:26  Pylon  
  117  7:42  Zealot x5  
  127  7:54  Zealot x3  
  133  7:59  Pylon  
  133  8:02  Dark Shrine  
  128  8:26  Zealot x8  
  62  8:49  Observer  
  62  8:52  High Templar x4  
  62  8:53  Sentry, Zealot x3  
  73  8:57  Archon x2  
  73  8:58  Immortal  
  72  9:14  Zealot x2  
  72  9:15  Zealot  
  80  9:20  Zealot  
  64  9:28  Sentry x3, Zealot  
  69  9:38  Zealot x3  
  61  9:44  Zealot  
Show
View Real Time Build Order
Export as new Build Order

soO Zerg - Winner!

Build Orders: Hatch First 

Get SALT Encoding   

  12  0:00  Drone  
  13  0:12  Overlord  
  13  0:17  Drone  
  14  0:31  Drone x2  
  14  0:34  Drone  
  17  0:59  Drone  
  17  1:01  Hatchery  
  17  1:03  Drone  
  18  1:13  Extractor  
  18  1:17  Spawning Pool  
  16  1:20  Extractor  
  16  1:21  Drone  
  16  1:24  Drone  
  17  1:27  Drone  
  18  1:39  Drone  
  19  1:48  Drone  
  20  1:57  Hatchery  
  20  1:59  Drone  
  20  2:13  Queen  
  20  2:14  Drone  
  23  2:20  Drone  
  23  2:21  Drone  
  25  2:26  Overlord  
  25  2:35  Queen  
  27  2:40  Metabolic Boost  
  27  2:44  Zergling x4  
  27  2:48  Zergling x2  
  27  2:50  Zergling x2  
  31  2:57  Drone x2  
  32  3:11  Drone  
  32  3:12  Queen  
  35  3:16  Zergling x2  
  36  3:20  Drone  
  36  3:26  Overlord  
  37  3:29  Drone x2  
  37  3:30  Drone  
  37  3:32  Drone  
  37  3:33  Drone  
  42  3:38  Overlord  
  42  3:44  Drone  
  42  3:45  Drone x3  
  46  3:49  Overlord  
  46  3:51  Drone  
  46  3:53  Drone  
  46  3:55  Drone  
  49  3:57  Drone  
  49  4:00  Overlord  
  49  4:01  Drone  
  51  4:08  Drone  
  52  4:12  Drone  
  52  4:15  Roach Warren  
  52  4:16  Queen, Drone  
  55  4:17  Drone  
  55  4:21  Drone  
  55  4:22  Drone x2  
  59  4:26  Extractor  
  59  4:27  Extractor, Drone  
  59  4:30  Overlord  
  58  4:33  Overlord  
  58  4:39  Overlord  
  58  4:43  Overlord  
  57  4:55  Overlord  
  57  4:56  Roach x9  
  57  4:59  Roach  
  77  5:14  Lair  
  77  5:16  Drone x4  
  77  5:17  Drone  
  77  5:19  Overlord  
  82  5:22  Extractor  
  82  5:23  Drone x2  
  82  5:26  Overlord  
  82  5:28  Zergling x12  
  89  5:36  Zergling x10  
  89  5:39  Overlord  
  89  5:42  Overlord  
  94  5:58  Zergling x12  
  94  6:02  Ravager  
  94  6:03  Roach, Ravager x4  
  94  6:04  Roach x3  
  113  6:09  Roach  
  115  6:13  Ravager  
  115  6:15  Zergling x12  
  120  6:29  Overlord, Glial Reconstitution  
  120  6:32  Roach x2  
  125  6:33  Roach x3  
  129  6:40  Overlord  
  129  6:44  Overlord x2  
  128  6:48  Overseer  
  128  6:51  Overlord  
  128  6:53  Roach x4, Overlord  
  136  7:02  Roach x5  
  146  7:16  Roach x5  
  146  7:17  Roach x2  
  160  7:28  Overlord  
  160  7:29  Overlord  
  162  7:30  Roach x5  
  169  7:41  Overlord  
  169  7:42  Roach x4  
  173  7:53  Roach x5  
  183  8:00  Roach x4  
  191  8:06  Ravager  
  188  8:22  Roach x3  
  188  8:24  Roach x2  
  188  8:27  Roach x2  
  171  8:28  Roach x2  
  171  8:29  Roach x2, Zergling x4  
  171  8:30  Zergling x4  
  171  8:32  Roach  
  157  8:34  Roach  
  157  8:36  Roach  
  157  8:38  Roach  
  157  8:41  Queen  
  138  8:42  Roach  
  138  8:46  Roach x2  
  137  8:53  Overseer  
  137  8:56  Queen x2  
  137  9:00  Roach x2, Zergling x2  
  145  9:08  Roach x3  
  144  9:17  Roach x3  
  144  9:21  Ravager  
  144  9:23  Roach  
  140  9:33  Roach x3  
  145  9:39  Roach x2  

Tags
 
Add a new tag
Caveats
  • Supply blocks, unpowered buildings, or Contaminate may cause inaccurate times.
  • Supply counts are checked every 10 seconds.